Map: Site Delta LE

Players

demzi - Winner!

  • Race: Zerg Zerg
  • League: Silver
  • Spawn Location: 5:00

Bachman

  • Race: Zerg Zerg
  • League: Bronze
  • Spawn Location: 11:00

VOD

Have the link to the VOD?

Description

Time

  • Played on: March 21, 2024, 9 a.m.
  • Length: 16:31
Show
View Real Time Build Order
Export as new Build Order

demzi Zerg - Winner!

Build Orders: Hatch First 

Get SALT Encoding   

  12  0:00  Drone  
  13  0:12  Overlord  
  13  0:16  Drone  
  14  0:32  Drone x2  
  16  0:50  Hatchery  
  16  0:53  Drone  
  16  0:56  Drone  
  17  0:59  Drone  
  17  1:02  Extractor  
  17  1:12  Drone  
  18  1:20  Spawning Pool  
  18  1:22  Drone  
  18  1:29  Drone  
  19  1:39  Overlord  
  19  1:51  Overlord  
  19  2:06  Queen  
  19  2:07  Queen  
  23  2:09  Zergling x4  
  25  2:16  Drone x2  
  27  2:23  Drone  
  28  2:30  Drone  
  29  2:44  Roach Warren  
  28  2:46  Evolution Chamber  
  28  2:51  Queen, Evolution Chamber  
  26  2:52  Drone  
  26  2:54  Drone  
  26  2:57  Drone  
  31  3:04  Overlord  
  31  3:10  Overlord  
  31  3:13  Drone  
  31  3:16  Drone  
  31  3:19  Drone  
  34  3:24  Drone x2  
  34  3:26  Drone  
  37  3:32  Drone x2  
  39  3:34  Drone  
  39  3:37  Drone  
  39  3:39  Drone  
  42  3:54  Hatchery  
  41  3:58  Lair  
  41  4:02  Overlord  
  41  4:05  Overlord  
  41  4:08  Drone  
  41  4:09  Drone  
  43  4:11  Extractor  
  43  4:13  Drone  
  43  4:14  Extractor  
  43  4:15  Drone  
  43  4:16  Drone  
  44  4:18  Drone  
  44  4:20  Drone  
  44  4:23  Drone  
  47  4:24  Drone  
  47  4:27  Drone  
  49  4:40  Zerg Missile Weapons Level 1  
  49  4:41  Zerg Ground Armor Level 1  
  49  4:44  Overlord x2  
  49  4:56  Drone x6  
  55  5:03  Drone  
  56  5:07  Roach  
  56  5:08  Roach x3  
  56  5:09  Glial Reconstitution  
  64  5:21  Drone x6  
  65  5:26  Roach  
  72  5:31  Hydralisk Den  
  71  5:37  Roach  
  71  5:38  Roach x6  
  71  5:39  Roach  
  87  5:42  Overlord  
  87  5:44  Overlord  
  87  5:52  Roach  
  87  5:55  Overlord x3  
  87  5:57  Overlord  
  89  5:59  Overlord  
  89  6:08  Overseer  
  89  6:10  Pneumatized Carapace  
  89  6:11  Overlord  
  89  6:12  Hydralisk  
  89  6:13  Hydralisk x2  
  89  6:14  Hydralisk  
  97  6:21  Roach  
  97  6:22  Roach x2  
  103  6:28  Drone x3  
  103  6:29  Extractor x2, Drone x2  
  103  6:30  Drone x2  
  103  6:31  Drone  
  103  6:32  Drone  
  110  6:48  Drone x3, Extractor  
  112  6:55  Roach  
  112  6:56  Roach x9  
  132  7:11  Hydralisk  
  132  7:12  Hydralisk x3  
  131  7:20  Spore Crawler  
  121  7:25  Spore Crawler  
  121  7:29  Spore Crawler  
  119  7:30  Hydralisk, Spore Crawler  
  119  7:31  Hydralisk x3  
  119  8:08  Overlord x6  
  113  8:43  Spawning Pool  
  98  8:52  Hydralisk x4  
  98  8:53  Hydralisk x5  
  104  8:59  Drone  
  91  9:14  Hydralisk x3  
  89  9:26  Hydralisk  
  89  9:27  Hydralisk x5  
  89  9:30  Queen  
  103  9:31  Queen  
  105  9:41  Spore Crawler  
  90  10:03  Hydralisk x4  
  98  10:11  Queen  
  100  10:16  Drone x2  
  100  10:18  Drone x7  
  109  10:22  Hydralisk  
  109  10:24  Hydralisk  
  108  10:51  Queen  
  110  10:57  Drone x3  
  110  10:58  Drone x3  
  110  10:59  Zergling x8  
  120  11:10  Overlord x3  
  107  11:45  Zergling x20  
  117  11:52  Drone  
  117  12:15  Drone x6  
  118  12:34  Queen  
  118  12:36  Hydralisk x2  
  120  13:32  Drone x3, Extractor  
  120  13:33  Drone  
  120  13:34  Overlord x5  
  117  14:18  Hatchery  
  117  14:21  Hydralisk x10  
  132  14:40  Hydralisk x3  
  130  15:10  Hydralisk x6  
  130  15:37  Drone x5  
  124  16:00  Drone  
  124  16:01  Drone x2  
  121  16:21  Hatchery  
Show
View Real Time Build Order
Export as new Build Order

Bachman Zerg 

Build Orders: Hatch First 

Get SALT Encoding   

  12  0:09  Overlord  
  12  0:15  Drone  
  13  0:23  Drone  
  15  0:28  Drone  
  15  0:37  Drone  
  16  0:44  Drone  
  17  1:01  Hatchery  
  16  1:08  Spawning Pool  
  16  1:10  Drone  
  16  1:15  Extractor  
  15  1:21  Drone  
  15  1:23  Drone  
  17  1:35  Overlord  
  17  1:45  Drone  
  19  1:54  Drone  
  19  2:01  Queen  
  19  2:05  Drone  
  22  2:15  Queen  
  22  2:16  Drone x2  
  26  2:27  Drone  
  26  2:28  Drone  
  28  2:37  Overlord  
  28  2:38  Drone  
  29  2:46  Lair  
  29  2:49  Drone  
  29  2:50  Drone  
  32  2:58  Drone  
  32  2:59  Roach Warren  
  32  3:04  Evolution Chamber  
  30  3:09  Drone  
  30  3:10  Drone  
  32  3:15  Evolution Chamber  
  31  3:22  Drone x2  
  31  3:26  Extractor  
  32  3:30  Drone x2  
  34  3:39  Zerg Missile Weapons Level 1  
  34  3:43  Overlord x2  
  34  3:44  Drone  
  34  3:45  Drone x2  
  37  3:54  Glial Reconstitution  
  37  4:05  Extractor  
  37  4:06  Overlord  
  37  4:07  Drone  
  37  4:13  Extractor  
  36  4:17  Overlord  
  36  4:22  Spire  
  35  4:42  Overlord  
  35  4:43  Drone x2  
  37  4:46  Overseer  
  37  4:49  Drone  
  37  4:50  Drone x3  
  41  5:00  Drone  
  42  5:12  Overlord  
  42  5:40  Overlord  
  42  5:48  Overlord  
  42  5:49  Mutalisk x2  
  42  5:50  Mutalisk x5  
  56  6:03  Spine Crawler  
  55  6:14  Mutalisk x2  
  59  6:30  Mutalisk x2  
  63  6:46  Mutalisk x2  
  67  7:21  Mutalisk x3  
  73  8:08  Mutalisk x6  
  80  8:23  Spine Crawler  
  80  8:24  Spine Crawler x2  
  45  9:07  Hatchery  
  36  10:39  Mutalisk x2  
  40  11:49  Queen  
  42  12:15  Drone x3  
  45  12:33  Spine Crawler  
  45  12:34  Spine Crawler  
  43  12:52  Spawning Pool  
  42  13:27  Drone x2  
  42  13:28  Drone x4  
  46  14:03  Drone x3  
  49  14:23  Drone  
  50  14:26  Extractor  
  49  14:42  Spine Crawler  
  39  15:20  Drone  
  39  15:21  Drone x3  
  43  15:24  Spine Crawler  
  40  15:53  Drone x3  
Tags
 
Add a new tag
Caveats
  • Supply blocks, unpowered buildings, or Contaminate may cause inaccurate times.
  • Supply counts are checked every 10 seconds.